 Dungeon Crawl Stone Soup version 0.29-a0-284-gf9362112df (webtiles) character file.

Game seed: 14205242617103736847

2 sokol815 the Cudgeller (level 1, 0/13 HPs)
             Began as a Gargoyle Gladiator on Mar 25, 2022.
             Frozen to death by an endoplasm (1 damage)
             ... on level 1 of the Dungeon.
             The game lasted 00:00:30 (192 turns).

sokol815 the Cudgeller (Gargoyle Gladiator)          Turns: 192, Time: 00:00:31

Health: 0/13       AC:  6    Str: 17    XL:     1   Next: 40%
Magic:  1/1        EV: 12    Int:  8    God:
Gold:   0          SH:  0    Dex: 11    Spells: 0/0 levels left

rFire   . . .      SeeInvis .   a - +0 flail
rCold   . . .      Faith    .   (no shield)
rNeg    + . .      Spirit   .   b - +0 leather armour
rPois   ∞          Reflect  .   c - +0 helmet
rElec   +          Harm     .   (no cloak)
rCorr   .          Rampage  .   (no gloves)
Will    .....                   (no boots)
Stlth   +.........              (no amulet)
HPRegen 0.04/turn               (no ring)
MPRegen 0.07/turn               (no ring)

@: no status effects
A: sickness immunity, AC +2, negative energy resistance 1, electricity
resistance, torment resistance 1, petrification resistance
a: no special abilities


You were on level 1 of the Dungeon.
You visited 1 branch of the dungeon, and saw 1 of its levels.

Inventory:

Hand Weapons
 a - a +0 flail (weapon)
Missiles
 d - 2 throwing nets (quivered) {!d}
 e - a javelin
Armour
 b - a +0 leather armour (worn)
 c - a +0 helmet (worn)


   Skills:
 + Level 2.3 Fighting
 + Level 3.1 Maces & Flails
 - Level 1.7 Throwing
 - Level 2.4 Dodging


You couldn't memorise any spells.
You didn't know any spells.
Your spell library was empty.

Dungeon Overview and Level Annotations

Branches:
Dungeon (1/15)

Altars:


Innate Abilities, Weirdness & Mutations

You are immune to sickness and miasma.
Your stone body is resilient. (AC +2)
You are immune to poison.
You resist negative energy. (rN+)
You are resistant to electric shocks. (rElec)
You are resistant to unholy torment.
You are immune to petrification.


Message History

Welcome, sokol815 the Gargoyle Gladiator.
They say the Orb of Zot lies within this dungeon, but they say a lot of things.
Found a staircase leading out of the dungeon.
Setting a skill training target for Maces & Flails at 14.0.
Clearing quiver.
You open the door.
There is an open door here.
There is a fountain of clear blue water here.
There is a fountain of clear blue water here.
As you open the door, it creaks loudly!
There is an open door here.
A rat comes into view.
The rat bites you but does no damage.
You barely miss the rat. The rat closely misses you.
You hit the rat. The rat bites you but does no damage.
You hit the rat.
You kill the rat!
No target in view!
No target in view!
A frilled lizard comes into view.
The frilled lizard hisses angrily.
The frilled lizard barely misses you.
You barely miss the frilled lizard. The frilled lizard bites you.
You take 2 damage, and have 10/12 hp.
You hit the frilled lizard but do no damage.
The frilled lizard bites you but does no damage.
The frilled lizard bites you.
You take 1 damage, and have 9/12 hp.
You closely miss the frilled lizard.
The frilled lizard bites you but does no damage.
You closely miss the frilled lizard. The frilled lizard closely misses you.
You closely miss the frilled lizard.
The frilled lizard bites you but does no damage.
You miss the frilled lizard.
The frilled lizard bites you but does no damage.
The frilled lizard closely misses you.
You barely miss the frilled lizard. The frilled lizard barely misses you.
You barely miss the frilled lizard. The frilled lizard misses you.
You miss the frilled lizard. The frilled lizard closely misses you.
You barely miss the frilled lizard. The frilled lizard barely misses you.
You miss the frilled lizard. The frilled lizard barely misses you.
The frilled lizard bites you but does no damage.
You barely miss the frilled lizard. The frilled lizard closely misses you.
You barely miss the frilled lizard. The frilled lizard misses you.
You closely miss the frilled lizard. The frilled lizard closely misses you.
The frilled lizard bites you.
You take 1 damage, and have 8/12 hp.
You miss the frilled lizard. The frilled lizard closely misses you.
You miss the frilled lizard.
The frilled lizard completely misses you.
You closely miss the frilled lizard. The frilled lizard misses you.
You sock the frilled lizard!
You kill the frilled lizard!
You see here a frilled lizard corpse.
You start resting.
Health restored: 12 An endoplasm comes into view.
The endoplasm quivers.
An endoplasm comes into view.
The endoplasm quivers.
The endoplasm hits you but does no damage.
You hit the endoplasm. The endoplasm hits you.
You take 1 damage, and have 11/12 hp.
You hit the endoplasm but do no damage.
The endoplasm hits you but does no damage.
The endoplasm barely misses you. The endoplasm attacks as you move away!
The endoplasm hits you. The endoplasm attacks as you move away!
The endoplasm misses you.
You take 2 damage, and have 9/12 hp.
You hit the endoplasm. The endoplasm freezes you.
You are frozen.
You take 5 damage, and have 4/12 hp.
MASSIVE DAMAGE!!
You thump the endoplasm!
You kill the endoplasm!
The endoplasm hits you but does no damage.
You barely miss the endoplasm. The endoplasm freezes you.
You are frozen.
* * * LOW HITPOINT WARNING * * *
You take 4 damage, and have 1/13 hp.
MASSIVE DAMAGE!!
The endoplasm attacks as you move away! The endoplasm barely misses you.
The endoplasm attacks as you move away! The endoplasm closely misses you.
You aren't carrying any potions.
You aren't carrying any scrolls.
You aren't carrying any items that you can evoke.
Throw: 3 throwing nets {!d}
Aim: an endoplasm (85% to hit)
You throw a throwing net {!d}.
The throwing net {!d} hits the endoplasm.
The endoplasm is caught in the net!
The endoplasm freezes you.
You are frozen.
You die...

#.##.# #.'.
#....# #.##
####.# #...
#### #.# #.8.
..# #.# #..8
#.# #†# #.8.
##.###.# #...
##...##.##
####
##.#.J@...#
##..#......#
#...#.#....#
#....#.#.#.##
#....#.#.#.#
#...##.....#
#..##..###.#
#.##...# #.#
.# .. #.#


You could see an endoplasm (caught).

Vanquished Creatures
  An endoplasm (D:1)
  A frilled lizard (D:1)
  A rat (D:1)
3 creatures vanquished.

Notes
Turn   | Place    | Note
-------+----------+-------------------------------------------
     0 | D:1      | sokol815 the Gargoyle Gladiator began the quest for the
                  | Orb.
     0 | D:1      | Reached XP level 1. HP: 12/12 MP: 1/1
   188 | D:1      | HP: 1/13 [frozen (4)]
   192 | D:1      | Frozen to death by an endoplasm

Illustrated notes

Levels and vault maps discovered:
D:1:      ncdulo_halloftheorcs, layout_loops_ring, minmay_parallelograms

Action                   || total
-------------------------++-------
Melee: Flail             ||    26
Throw: Throwing net      ||     1
Armor: Leather armour    ||    10
Dodge: Dodged            ||    19

Table legend: (Time is in decaauts)
 A = Elapsed time spent in this place.
 B = Non-inter-level travel time spent in this place.
 C = Inter-level travel time spent in this place.
 D = Time resting spent in this place.
 E = Time spent auto-exploring this place.
 F = Levels seen in this place.
 G = Mean time per level.
                   A        B        C        D        E       F      G
               +--------+--------+--------+--------+--------+-----+--------+
         Total |    198 |    198 |      0 |     65 |     73 |   1 |  198.0 |
       Dungeon |    198 |    198 |      0 |     65 |     73 |   1 |  198.0 |
               +--------+--------+--------+--------+--------+-----+--------+

Top non-repeatable levels by time:
     D:1: 198 daAuts

Table legend:
 A = Kills in this place as a percentage of kills in entire the game.
 B = Kills by you in this place as a percentage of kills by you in the entire game.
 C = Kills by friends in this place as a percentage of kills by friends in the entire game.
 D = Other kills in this place as a percentage of other kills in the entire game.
 E = Experience gained in this place as a percentage of experience gained in the entire game.
 F = Experience gained in this place divided by the number of levels of this place that you have seen.
                   A       B       C       D       E      F
               +-------+-------+-------+-------+-------+----------------------
         Total | 100.0 | 100.0 |   N/A |   N/A | 100.0 |   4.0
       Dungeon | 100.0 | 100.0 |   N/A |   N/A | 100.0 |   4.0
               +-------+-------+-------+-------+-------+----------------------
